 Dungeon Crawl Stone Soup version 0.22.0-13-g43fe8f2 (webtiles) character file.

5861 mopl the Grappler (level 10, -1/96 HPs)
             Began as a Troll Hunter on Aug 16, 2018.
             Slain by a flayed ghost (16 damage)
             ... on level 9 of the Dungeon.
             The game lasted 00:18:30 (7653 turns).

mopl the Grappler (Troll Hunter)                    Turns: 7653, Time: 00:18:31

Health: -1/96      AC:  6    Str: 22    XL:     10   Next: 52%
Magic:  9/9        EV: 10    Int:  7    God:
Gold:   316        SH:  4    Dex: 13    Spells: 9/9 levels left

rFire    . . .     SeeInvis +     - Unarmed
rCold    . . .     Gourm    +   (no shield)
rNeg     . . .     Faith    .   b - +0 robe
rPois    .         Spirit   .   (helmet restricted)
rElec    .         Reflect  +   l - +0 cloak
rCorr    .         Harm     .   (gloves unavailable)
MR       .....                  (boots unavailable)
Stlth    +.........             H - +4 amulet of reflection
HPRegen  0.66/turn              x - ring of see invisible
MPRegen  0.11/turn              P - ring of wizardry

@: flayed
A: large, unfitting armour, claws 3, fast metabolism 3, gourmand, regeneration
1, shaggy fur 1, tough skin 2
a: no special abilities


You were on level 9 of the Dungeon.
You were not hungry.

You visited 1 branch of the dungeon, and saw 9 of its levels.
You also visited: Ossuary.

You collected 710 gold pieces.
You spent 394 gold pieces at shops.

Inventory:

Hand Weapons
 I - the +11 rapier of Symasch {flame, rF+ MR+ Str-3}
   (You found it on level 6 of the Dungeon)

   It has been specially enchanted to burn those struck by it, causing extra
   injury to most foes and up to half again as much damage against particularly
   susceptible opponents.
   It affects your strength (-3).
   It protects you from fire.
   It affects your resistance to hostile enchantments.
Missiles
 c - 5 large rocks
 d - 5 throwing nets
 e - 184 stones (quivered)
 t - 35 poisoned needles
 B - 9 tomahawks
Armour
 b - a +0 robe (worn)
 l - a +0 cloak (worn)
Jewellery
 x - a ring of see invisible (left claw)
 H - a +4 amulet of reflection (around neck)
 P - a ring of wizardry (right claw)
Wands
 i - a wand of polymorph (16)
 r - a wand of flame (20)
 y - a wand of acid (9)
 A - a wand of disintegration (15)
 K - a wand of iceblast (9)
Scrolls
 h - 2 scrolls of identify
 j - 7 scrolls of magic mapping
 k - 4 scrolls of enchant weapon {unknown}
 m - 2 scrolls of random uselessness {unknown}
 o - 8 scrolls of remove curse
 p - 5 scrolls of teleportation {unknown}
 q - 4 scrolls of immolation {unknown}
 u - 3 scrolls of blinking {unknown}
 v - 3 scrolls of fog
 C - 2 scrolls of silence {unknown}
 F - 2 scrolls of enchant armour {unknown}
 J - a scroll of amnesia {unknown}
 L - 3 scrolls of vulnerability {unknown}
Potions
 a - 12 potions of curing {unknown}
 g - a potion of cancellation
 n - 2 potions of flight
 w - 4 potions of heal wounds
 z - 2 potions of agility
 D - 2 potions of haste
 E - a potion of might
 G - a potion of magic
 M - 2 potions of lignification {!q}
 N - a potion of resistance
 O - a potion of brilliance
Comestibles
 f - 20 rations


   Skills:
 + Level 5.3 Fighting
 + Level 6.7 Throwing
 - Level 1.5 Dodging
 - Level 0.3 Stealth
 * Level 12.8 Unarmed Combat


You had 9 spell levels left.
You didn't know any spells.
Your spell library contained the following spells:

 Spells                   Type           Power        Failure   Level  Hunger
 Summon Small Mammal      Summ           #...         19%         1    ##.....
 Summon Ice Beast         Ice/Summ       #.......     86%         4    #####..
 Call Imp                 Summ           #.......     26%         2    ###....
 Call Canine Familiar     Summ           #.......     45%         3    ####...
 Summon Lightning Spire   Summ/Air       #.......     86%         4    #####..
 Summon Guardian Golem    Hex/Summ       #.......     45%         3    ####...


Dungeon Overview and Level Annotations

Branches:
Dungeon (9/15)             Temple (0/1) D:7
   Lair: D:8-11         Orc: D:9-12

Altars:
Elyvilon
Gozag
Nemelex Xobeh
Qazlal
Vehumet
Wu Jian

Shops:
D:4 :(**   D:7 *=   D:9 *

Annotations:
D:3 1 runed door
D:5 dig


Innate Abilities, Weirdness & Mutations

You are too large for most types of armour.
You have claws for hands.
Your metabolism is lightning-fast.
You like to eat raw meat.
Your natural rate of healing is unusually fast.
You are covered in fur. (AC +1)
You have very tough skin. (AC +2)


Message History

Throwing (i - inventory. (/) - cycle)
e - 185 stones (quivered)
Press: ? - help, Shift-Dir - straight line, f/p - flayed ghost
Aim: a flayed ghost (lightly damaged)
You throw a stone. The stone hits the flayed ghost!
The flayed ghost is lightly damaged.
Unknown command.
You claw the flayed ghost!
The flayed ghost is moderately damaged.
You closely miss the flayed ghost.
The flayed ghost is moderately damaged.
The flayed ghost cries, "Suffer as I suffered!"
Terrible wounds spread across more of your body!
You barely miss the flayed ghost.
The flayed ghost is moderately damaged.
The flayed ghost hits you!!
* * * LOW HITPOINT WARNING * * *
You claw the flayed ghost! You claw the flayed ghost.
The flayed ghost is severely damaged.
The flayed ghost hits you!
You die...

#.........≈≈≈≈≈≈≈≈.# ##
#.......#######...##
##.....## ##.## #......#
#.# #.#.##(# #.# #.#.##(#
##'## # #.#..#.# ##.^.##
# #.##.#W# ##.....## #
#.##.@.# ##.......###
#......####.........##
######.......'...........
#.........####...........
#.#####...# ##........##
#.# #.#.# ##.....#.# #.#
###.#.# ##...##.# #.#
#...#.# ##'###.#
#.###.###.# #.# #.#


You could see a flayed ghost.

Vanquished Creatures
  Harold (D:8)
  Prince Ribbit (D:5)
  2 hippogriffs
  Sigmund (D:3)
  2 wyverns (D:8)
  3 hogs (D:7)
  A human (D:7)
  A yak (D:7)
  3 sky beasts
  5 orc warriors
  A black bear (D:7)
  5 ice beasts
  A necrophage (D:7)
  2 ogres
  A big kobold (D:8)
  4 bullfrogs
  2 scorpions (D:8)
  A killer bee (D:6)
  3 electric eels (D:9)
  A howler monkey (D:7)
  2 crimson imps
  A centaur zombie (D:8)
  2 hounds
  A quasit (D:7)
  An orc priest (D:6)
  A centaur skeleton (D:4)
  An iguana (D:4)
  9 orc wizards
  Ijyb (D:4)
  Natasha (thrice) (D:2)
  6 worker ants
  3 hound skeletons
  8 mummies (Ossuary)
  11 adders
  11 gnolls
  2 oozes
  An adder zombie (D:7)
  2 adder skeletons
  8 worms
  6 dart slugs
  8 leopard geckos
  18 orcs
  6 bats
  6 giant cockroaches
  16 goblins
  3 hobgoblins
  17 jackals
  17 kobolds
  5 quokkas
  5 frilled lizards
  A giant cockroach zombie (D:6)
  3 gnoll zombies (Ossuary)
  3 hobgoblin zombies (Ossuary)
  A leopard gecko skeleton (D:5)
  2 orc zombies (Ossuary)
  11 rats
243 creatures vanquished.

Notes
Turn   | Place    | Note
-------+----------+-------------------------------------------
     0 | D:1      | mopl the Troll Hunter began the quest for the Orb.
     0 | D:1      | Reached XP level 1. HP: 19/19 MP: 0/0
   137 | D:1      | Reached skill level 1 in Unarmed Combat
   137 | D:1      | Reached XP level 2. HP: 25/28 MP: 1/1
   300 | D:1      | Reached skill level 2 in Fighting
   339 | D:1      | Reached skill level 2 in Unarmed Combat
   339 | D:1      | Reached XP level 3. HP: 24/35 MP: 2/2
   680 | D:2      | Reached skill level 4 in Throwing
   685 | D:2      | Noticed Natasha
   691 | D:2      | Killed Natasha
   691 | D:2      | Reached XP level 4. HP: 32/42 MP: 3/3
   878 | D:2      | Reached skill level 3 in Unarmed Combat
   993 | D:2      | Noticed Natasha
  1008 | D:2      | HP: 1/42 [Natasha (7)]
  1011 | D:2      | You fall through a shaft for 2 floors!
  1146 | D:4      | Reached XP level 5. HP: 47/49 MP: 4/4
  1156 | D:4      | Found Vetwior's General Store.
  1164 | D:4      | Bought a scroll of magic mapping for 42 gold pieces
  1252 | D:4      | Found an ornate altar of the Wu Jian Council.
  1265 | D:4      | Reached skill level 4 in Unarmed Combat
  1310 | D:4      | Noticed a hippogriff
  1394 | D:4      | Killed a hippogriff
  1394 | D:4      | Reached skill level 5 in Unarmed Combat
  1394 | D:4      | Reached XP level 6. HP: 48/57 MP: 5/5
  1444 | D:4      | Found Kebaitzy's Antique Weapon Shop.
  1476 | D:4      | Found Guenoxege's Book Boutique.
  1593 | D:4      | Reached skill level 6 in Unarmed Combat
  1604 | D:4      | Found a sparkling altar of Nemelex Xobeh.
  1732 | D:4      | Found Dihapt's Assorted Antiques.
  1740 | D:4      | Bought a scroll labeled ZAANO WANEROX for 23 gold pieces
  1740 | D:4      | Bought a bubbling cyan potion for 20 gold pieces
  1740 | D:4      | Bought a scroll labeled BAHUFA YSHAT for 23 gold pieces
  1744 | D:4      | Noticed Ijyb
  1769 | D:4      | Killed Ijyb
  1904 | D:4      | Reached XP level 7. HP: 58/65 MP: 6/6
  2085 | D:2      | Killed Natasha
  2090 | D:2      | Reached skill level 7 in Unarmed Combat
  2280 | D:2      | Noticed Natasha
  2283 | D:2      | Killed Natasha
  2417 | D:3      | Found a white marble altar of Elyvilon.
  2576 | D:3      | Noticed Sigmund
  2676 | D:3      | Killed Sigmund
  2676 | D:3      | Reached skill level 8 in Unarmed Combat
  2824 | D:3      | Found a runed door.
  3047 | D:4      | Bought a fuming blue potion for 20 gold pieces
  3047 | D:4      | Bought a scroll labeled ZYTY RAYTSEE for 23 gold pieces
  3047 | D:4      | Bought a bubbling cyan potion for 20 gold pieces
  3120 | D:5      | Entered Level 5 of the Dungeon
  3167 | D:5      | Reached XP level 8. HP: 67/72 MP: 7/7
  3179 | D:5      | Reached skill level 9 in Unarmed Combat
  3239 | D:5      | Noticed Prince Ribbit
  3670 | D:5      | Killed Prince Ribbit
  3670 | D:5      | Reached skill level 10 in Unarmed Combat
  3846 | D:4      | Bought a scroll labeled ILOFFO QACAWAM for 23 gold pieces
  3964 | D:6      | Found a radiant altar of Vehumet.
  4245 | D:6      | Found a sand-covered staircase.
  4255 | Ossuary  | Entered an ossuary
  4392 | Ossuary  | Reached XP level 9. HP: 34/80 MP: 8/8
  4650 | D:6      | Reached skill level 3 in Fighting
  4812 | D:6      | Reached skill level 11 in Unarmed Combat
  4908 | D:4      | Bought a scroll of identify for 24 gold pieces
  4908 | D:4      | Bought a potion of lignification for 36 gold pieces
  4908 | D:4      | Bought a scroll of fog for 24 gold pieces
  4908 | D:4      | Bought a scroll of remove curse for 36 gold pieces
  4954 | D:4      | Bought a scroll of magic mapping for 80 gold pieces
  5216 | D:6      | Reached skill level 5 in Throwing
  5377 | D:6      | Got a crystal rapier
  5383 | D:6      | Identified the +11 rapier of Symasch {flame, rF+ MR+ Str-3} (You found it on level 6 of the Dungeon)
  5505 | D:7      | Reached skill level 4 in Fighting
  5682 | D:7      | Reached skill level 12 in Unarmed Combat
  5693 | D:7      | Reached skill level 6 in Throwing
  5693 | D:7      | Reached XP level 10. HP: 51/94 MP: 9/9
  5952 | D:7      | Found Faxuypp's Jewellery Shop.
  6029 | D:7      | Found Gozag's Platinum Reserve.
  6031 | D:7      | Found an opulent altar of Gozag.
  6042 | D:7      | Found a staircase to the Ecumenical Temple.
  6293 | D:8      | Noticed Harold
  6299 | D:8      | Killed Harold
  6299 | D:8      | Reached skill level 5 in Fighting
  6811 | D:9      | Found Pahats's General Store.
  7340 | D:9      | Found a stormy altar of Qazlal.
  7479 | D:9      | Noticed a flayed ghost
  7653 | D:9      | Slain by a flayed ghost

Skill      XL: |  1  2  3  4  5  6  7  8  9 10 |
---------------+-------------------------------+-----
Unarmed Combat | 1 2 3 5 6 8 10 12 | 12.8
Fighting       | 2 4 5 |  5.3
Throwing       | 4 6 |  6.7
Dodging        | |  1.5
Stealth        | |  0.3

Action                   |  1- 3 |  4- 6 |  7- 9 | 10-12 || total
-------------------------+-------+-------+-------+-------++-------
Melee: Unarmed           |    72 |   160 |   394 |    76 ||   702
       Punch             |       |     2 |    15 |     4 ||    21
Throw: Throwing net      |       |     1 |       |       ||     1
       Stone             |       |     1 |    16 |     6 ||    23
       Tomahawk          |       |       |       |     6 ||     6
Evoke: Wand              |       |       |    18 |       ||    18
  Use: Potion            |       |       |     1 |       ||     1
       Scroll            |       |       |     8 |     2 ||    10
 Stab: Sleeping          |     1 |     2 |       |       ||     3
       Held in net/web   |       |     2 |       |       ||     2
  Eat: Chunk             |    10 |    13 |    35 |     9 ||    67
Armor: Robe              |    21 |    48 |   103 |    14 ||   186
Dodge: Dodged            |    30 |    74 |   148 |    23 ||   275
Block: Other             |       |       |    18 |     7 ||    25
       Reflection        |       |       |     1 |       ||     1
